 Dungeon Crawl Stone Soup version 0.30.0-29-ga12c61a403 (webtiles) character file.

Game seed: 6930628856076067213

63 qw the Chopper (level 4, -1/28 HPs)
             Began as a Gargoyle Fighter on June 4, 2023.
             Splashed by a jelly's acid (5 damage)
             ... on level 2 of the Dungeon.
             The game lasted 00:00:32 (927 turns).

qw the Chopper (Gargoyle Fighter)                    Turns: 927, Time: 00:00:33

Health: -1/28      AC:  6    Str: 22    XL:     4   Next: 9%
Magic:  4/4        EV:  9    Int:  8    God:
Gold:   81         SH:  4    Dex:  9    Spells: 3/3 levels left

rFire   . . .        Y - +0 war axe
rCold   . . .        c - +0 buckler
rNeg    + . .        b - +0 scale mail
rPois   inf          (no helmet)
rElec   +            (no cloak)
rCorr   .            (no gloves)
SInv    .            (no boots)
Will    .....        (no amulet) Stlth
                     (no ring)
HPRegen 0.24/turn    (no ring)
MPRegen 0.09/turn

%: no passive effects
@: corroded
A: sickness immunity, AC +3, negative energy resistance 1, electricity
resistance, torment resistance 1, petrification resistance
a: no special abilities


You were on level 2 of the Dungeon.
You visited 1 branch of the dungeon, and saw 2 of its levels.

You collected 81 gold pieces.


Innate Abilities, Weirdness & Mutations

You are immune to sickness and miasma.
Your stone body is resilient. (AC +3)
You are immune to poison.
You resist negative energy. (rN+)
You are resistant to electric shocks. (rElec)
You are resistant to unholy torment.
You are immune to petrification.


   Skills:
 - Level 3.2 Fighting
 + Level 3.9 Axes
 - Level 3.2 Armour
 - Level 3.2 Shields


You had 3 spell levels left.
You didn't know any spells.
Your spell library was empty.

Inventory:

Hand Weapons
 h - a +0 club
 Y - a +0 war axe (weapon)
Armour
 a - a scarf of harm
 b - a +0 scale mail (worn)
 c - a +0 buckler (worn)
Scrolls
 g - a scroll of identify
Potions
 d - 2 potions of might
 e - a potion of curing {unknown}
 f - a potion of mutation {unknown}

Dungeon Overview and Level Annotations

Branches:
Dungeon (2/15)

Altars:


Message History

You slash the adder!
The adder is severely wounded.
A jelly comes into view.
The adder bites you.
You barely miss the adder.
The adder is severely wounded.
The jelly quivers.
The adder bites you but does no damage. x2
You hit the adder.
The adder is almost dead.
The adder bites you. The adder bites you but does no damage.
You closely miss the adder.
The adder is almost dead.
The adder bites you.
You closely miss the adder.
The adder is almost dead.
The adder bites you but does no damage. The adder misses you.
You barely miss the adder.
The adder is almost dead.
The adder closely misses you. The adder bites you.
You barely miss the adder.
The adder is almost dead.
The adder closely misses you. x2
You barely miss the adder.
The adder is almost dead.
The adder barely misses you.
You slash the adder!
You kill the adder!
You have reached level 4!
You feel stronger.
You barely miss the jelly. The jelly hits you but does no damage.
The jelly hits you. The acid corrodes you!
You are splashed with acid!
You hit the jelly.
Your hands burn!
The jelly is heavily wounded.
The jelly barely misses you.
You hit the jelly but do no damage.
Your hands burn!
The jelly is heavily wounded.
The jelly closely misses you.
You hit the jelly.
Your hands burn!
You die...

....... .......
....... ####
.......
...#######......
........# .....
##.####.######'J##
#.# #.##.#.#..@##
#.# #.##..#####.#
##.##
#......###.##
#...######.##.#.##
#......# #.###..#
#...##.# #.# ##.#
######.# #.# ##.#
#.###.# #..#
##.....# #..#


You could see a jelly.

Vanquished Creatures
  A gnoll (D:1)
  2 adders (D:2)
  A worm (D:2)
  A dart slug (D:2)
  5 ball pythons
  4 endoplasms
  5 hobgoblins
  A quokka (D:1)
  2 bats (D:1)
  2 frilled lizards
  2 kobolds
  5 rats (D:1)
31 creatures vanquished.

Notes
Turn   | Place    | Note
-------+----------+-------------------------------------------
     0 | D:1      | qw the Gargoyle Fighter began the quest for the Orb.
     0 | D:1      | Reached XP level 1. HP: 14/14 MP: 1/1
     0 | D:1      | 0 ||| qw: Version: 0.2-a-107-g4668610
     0 | D:1      | 0 ||| qw: Game counter: 1234
     0 | D:1      | 0 ||| qw: Always use a shield: true
     0 | D:1      | 0 ||| qw: God list: Okawaru
     0 | D:1      | 0 ||| qw: Allow faded altars: false
     0 | D:1      | 0 ||| qw: Do Orc after D:15 true
     0 | D:1      | 0 ||| qw: Do second Lair branch before Depths: true
     0 | D:1      | 0 ||| qw: Lair rune preference: random
     0 | D:1      | 0 ||| qw: Plans: Normal, Zot:1-4, Slime:5, God:TSO, Crypt,
                  | Tomb, Abyss, Pan, Hells, Win
     0 | D:1      | 0 ||| PLANNING D:1-11
   264 | D:1      | Reached XP level 2. HP: 19/19 MP: 2/2
   373 | D:1      | Reached skill level 3 in Axes
   488 | D:1      | Reached XP level 3. HP: 23/23 MP: 3/3
   666 | D:1      | 666 ||| READING scroll labelled DOAROS ROPSU.
   667 | D:1      | 667 ||| READING 2 scrolls labelled QOTELL HILODAH.
   668 | D:1      | 668 ||| READING 2 scrolls labelled ISMORY JIGENYUXE.
   669 | D:1      | 669 ||| READING scroll labelled UBOQUSMENO.
   670 | D:1      | 670 ||| READING scroll labelled PIMOSYXEYT.
   671 | D:1      | 671 ||| DROPPING scroll of fear.
   924 | D:2      | Reached XP level 4. HP: 22/28 MP: 4/4
   926 | D:2      | HP: 4/28 [acid (5)]
   927 | D:2      | Splashed by a jelly's acid

Levels and vault maps discovered:
D:1:      psy_arrival_statuary, layout_loops_cross
D:2:      kennysheep_big_flooded_room, layout_loops_ring, serial_aquarium,
          aquarium_bridge_long_separate [aquarium_subvault_wall,
          aquarium_subvault_bridge, aquarium_subvault_window,
          aquarium_subvault_window, aquarium_subvault_wall,
          aquarium_subvault_bridge], aquarium_window_fake, aquarium_window_1,
          aquarium_window_fake, aquarium_view_4, aquarium_view_2c,
          aquarium_pool_four, hellmonk_ecumenical_altar_run_dry

Skill      XL: |  1  2 |
---------------+-------+-----
Axes           | 2 3 |  3.9
Fighting       | |  3.2
Armour         | |  3.2
Shields        | |  3.2

Action                     |  1- 3 |  4- 6 || total
---------------------------+-------+-------++-------
  Melee: War axe           |    90 |     4 ||    94
    Use: Scroll            |     5 |       ||     5
 Armour: Scale mail        |    46 |     1 ||    47
  Dodge: Dodged            |    32 |     2 ||    34
  Block: Buckler           |     8 |       ||     8

Table legend:
 A = Non-vault XP
 B = Vault XP
 C = Vault XP percentage of total XP
 D = Non-vault monster count
 E = Vault monster count
 F = Vault count percentage of total count
                 A         B        C        D         E       F
            +---------+---------+-------+---------+---------+-------
      Total |      76 |      14 |  15.6 |      30 |       1 |   3.2
            +---------+---------+-------+---------+---------+-------
        D:1 |      44 |       0 |   0.0 |      21 |       0 |   0.0
        D:2 |      32 |      14 |  30.4 |       9 |       1 |  10.0
            +---------+---------+-------+---------+---------+-------
